 Dungeon Crawl Stone Soup version 0.31.0 (webtiles) character file.

Game seed: 4713448958627231008

131 qw the Shooter (level 5, -5/32 HPs)
             Began as a Gargoyle Hunter on Jan 19, 2024.
             Slain by Pargi (7 damage)
             ... in a sewer.
             The game lasted 00:00:08 (2166 turns).

qw the Shooter (Gargoyle Hunter)                    Turns: 2166, Time: 00:00:09

Health: -5/32      AC: 10    Str: 15    XL:     5   Next: 14%
Magic:  4/5        EV: 11    Int:  9    God:
Gold:   247        SH:  0    Dex: 15    Spells: 4/4 levels left

rFire   . . .        a - +0 shortbow
rCold   . . .        (shield currently unavailable)
rNeg    + . .        e - +0 ring mail
rPois   inf          (no helmet)
rElec   +            f - +0 cloak
rCorr   .            (no gloves)
SInv    .            (no boots)
Will    .....        (no amulet)
Stlth   +            (no ring)
HPRegen 0.25/turn    (no ring)
MPRegen 0.09/turn

%: no passive effects
@: no status effects
A: sickness immunity, AC +4, negative energy resistance 1, electricity
resistance, torment resistance 1, petrification resistance
a: no special abilities


You were in a sewer.
You visited 1 branch of the dungeon, and saw 3 of its levels.
You also visited: Sewer.

You collected 247 gold pieces.


Innate Abilities, Weirdness & Mutations

You are immune to sickness and miasma.
Your stone body is resilient. (AC +4)
You are immune to poison.
You resist negative energy. (rN+)
You are resistant to electric shocks. (rElec)
You are resistant to unholy torment.
You are immune to petrification.


   Skills:
 - Level 3.0 Fighting
 + Level 5.8 Ranged Weapons
 - Level 1.2 Armour
 - Level 1.5 Dodging
 - Level 1.1 Stealth


You had 4 spell levels left.
You didn't know any spells.
Your spell library was empty.

Inventory:

Hand Weapons
 a - a +0 shortbow (weapon)
Armour
 e - a +0 ring mail (worn)
 f - a +0 cloak (worn)
Potions
 b - a potion of haste
 c - a potion of heal wounds {unknown}
 d - a potion of curing {unknown}

Dungeon Overview and Level Annotations

Branches:
Dungeon (3/15)              Sewer (1/1)

Altars:
Sif Muna

Annotations:
Sewer Pargi


Message History

Pargi barely misses you. Pargi claws you. Pargi barely misses you.
Pargi bites you but does no damage. Pargi claws you but does no damage.
Pargi closely misses you.
You shoot an arrow. The arrow barely misses Pargi.
The arrow hits the brain worm.
The brain worm is severely wounded.
Pargi closely misses you. Pargi barely misses you. x2
You shoot an arrow.
The arrow hits Pargi but does no damage.
Pargi is heavily wounded.
Pargi misses you. Pargi claws you but does no damage. Pargi closely misses you.
The brain worm is briefly caught in foreign memories of distant lands.
You shoot an arrow. The arrow hits Pargi!
Pargi is severely wounded.
Pargi bites you but does no damage. Pargi claws you but does no damage.
Pargi closely misses you.
You shoot an arrow. The arrow closely misses Pargi.
The arrow hits the brain worm.
The brain worm is heavily wounded.
Pargi bites you but does no damage. Pargi claws you but does no damage.
Pargi barely misses you.
You shoot an arrow.
The arrow hits Pargi but does no damage.
Pargi is severely wounded.
Pargi barely misses you. Pargi claws you but does no damage.
Pargi closely misses you. x2; Pargi completely misses you.
Pargi claws you.
You shoot an arrow.
The arrow hits Pargi but does no damage.
Pargi is severely wounded.
Pargi closely misses you. x2; Pargi barely misses you.
The brain worm's bulging head throbs.
Something gnaws on your mind!
You feel your power leaking away.
You shoot an arrow. The arrow hits Pargi.
Pargi is severely wounded.
Pargi bites you. Pargi closely misses you. x2
You shoot an arrow. The arrow hits Pargi.
Pargi is severely wounded.
Pargi bites you!
You die...

#.~~~.#
#.~~~.#
+.~~~.+
#.~~~.#
####.~~~.#
#(.'.~~~.+
#.~~~.#
#.~~~K####
+..\.wT@\#
#.~~~.####
#.~~~.#
.'.~~~.'.
###.~~~.###
#.~~~.#
+.~~~.+
#.~~~.#


You could see Pargi, a brain worm and a kobold.

Vanquished Creatures
  An orc priest (D:3)
  An orc wizard (D:3)
  2 adders
  3 dart slugs
  A ribbon worm (D:3)
  6 orcs (D:3)
  5 endoplasms
  3 giant cockroaches
  4 goblins
  7 jackals
  6 ball pythons
  9 bats
  4 frilled lizards
  6 kobolds
  4 rats
62 creatures vanquished.

Notes
Turn   | Place    | Note
-------+----------+-------------------------------------------
     0 | D:1      | qw the Gargoyle Hunter began the quest for the Orb.
     0 | D:1      | Reached XP level 1. HP: 12/12 MP: 1/1
     0 | D:1      | 0 ||| qw: Version: 0.3-a-132-g3d54051
     0 | D:1      | 0 ||| qw: Game counter: 134
     0 | D:1      | 0 ||| qw: Melee chars always use a shield: true
     0 | D:1      | 0 ||| qw: God list: Okawaru
     0 | D:1      | 0 ||| qw: Allow faded altars: false
     0 | D:1      | 0 ||| qw: Do Orc after clearing Dungeon:15 true
     0 | D:1      | 0 ||| qw: Do second Lair branch before Depths: true
     0 | D:1      | 0 ||| qw: Lair rune preference: random
     0 | D:1      | 0 ||| qw: Goals: Normal
     0 | D:1      | 0 ||| PLANNING D:1-11
   265 | D:1      | Reached XP level 2. HP: 17/17 MP: 2/2
   962 | D:1      | 962 ||| UPGRADING to +0 ring mail.
   972 | D:1      | 972 ||| DROPPING +0 leather armour.
   973 | D:1      | 973 ||| DROPPING scroll of butterflies.
   984 | D:2      | 984 ||| STAIRDANCE
   994 | D:1      | Reached skill level 1 in Armour
   994 | D:1      | Reached XP level 3. HP: 21/21 MP: 3/3
  1039 | D:2      | Reached skill level 5 in Ranged Weapons
  1554 | D:2      | 1554 ||| UPGRADING to +0 cloak.
  1559 | D:2      | 1559 ||| READING scroll labelled XAVUEN HUIL.
  1559 | D:2      | 1559 ||| IDENTIFYING white potion
  1588 | D:3      | 1588 ||| PLANNING SEWER
  1593 | D:3      | Reached XP level 4. HP: 27/27 MP: 4/4
  1650 | D:3      | Reached skill level 3 in Fighting
  1668 | D:3      | 1668 ||| FLEEEEING.
  1670 | D:3      | 1670 ||| STAIRDANCE
  1811 | D:3      | Found a shimmering blue altar of Sif Muna.
  1816 | D:3      | 1816 ||| READING scroll labelled DAESIY LIPOCO.
  1833 | D:3      | 1833 ||| FLEEEEING.
  1834 | D:3      | 1834 ||| FLEEEEING.
  1860 | D:3      | Reached XP level 5. HP: 32/32 MP: 5/5
  2138 | D:3      | Found a glowing drain.
  2143 | Sewer    | Entered a sewer
  2143 | Sewer    | Noticed Pargi
  2144 | Sewer    | 2144 ||| RETREEEEATING.
  2145 | Sewer    | 2145 ||| RETREEEEATING.
  2146 | Sewer    | 2146 ||| RETREEEEATING.
  2147 | Sewer    | 2147 ||| RETREEEEATING.
  2163 | Sewer    | HP: 8/32 [Pargi (3)]
  2165 | Sewer    | HP: 2/32 [Pargi (2)]
  2166 | Sewer    | Slain by Pargi

Levels and vault maps discovered:
D:1:      dpeg_arrival_three_bigger_balls, layout_basic
D:2:      layout_basic
D:3:      layout_loops_cross, amcnicky_altar_gilded, serial_shops, shop_coins,
          mainiacjoe_sewer_entry_somewhere_in_here_2, kennysheep_orc_chapel
Sewer:    kennysheep_door_sewer

Skill      XL: |  1  2  3  4 |
---------------+-------------+-----
Armour         | 1 |  1.2
Ranged Weapons | 5 |  5.8
Fighting       | 3 |  3.0
Dodging        | |  1.5
Stealth        | |  1.1

Action                     |  1- 3 |  4- 6 || total
---------------------------+-------+-------++-------
   Fire: Shortbow          |    99 |    99 ||   198
    Use: Scroll            |     1 |     1 ||     2
 Armour: Leather armour    |    11 |       ||    11
         Ring mail         |    33 |    71 ||   104
  Dodge: Dodged            |    26 |    74 ||   100

Table legend:
 A = Non-vault XP
 B = Vault XP
 C = Vault XP percentage of total XP
 D = Non-vault monster count
 E = Vault monster count
 F = Vault count percentage of total count
                 A         B        C        D         E       F
            +---------+---------+-------+---------+---------+-------
      Total |     117 |      71 |  37.8 |      50 |      12 |  19.4
            +---------+---------+-------+---------+---------+-------
        D:1 |      39 |       0 |   0.0 |      17 |       0 |   0.0
        D:2 |      41 |       0 |   0.0 |      16 |       0 |   0.0
        D:3 |      37 |      69 |  65.1 |      17 |      11 |  39.3
      Sewer |       0 |       2 | 100.0 |       0 |       1 | 100.0
            +---------+---------+-------+---------+---------+-------
